 Dungeon Crawl Stone Soup version 0.22-a0-274-gf8199ec (webtiles) character file.

33764 Demitroll the Eclecticist (level 13, -1/66 HPs)
             Began as a Deep Elf Wizard on Mar 12, 2018.
             Was a High Priest of Vehumet.
             Slain by a death yak (16 damage)
             ... on level 6 of the Lair of Beasts on Mar 13, 2018.
             The game lasted 01:34:21 (16270 turns).

Demitroll the Eclecticist (Deep Elf Wizard)        Turns: 16270, Time: 01:34:24

Health: -1/66      AC: 15    Str: 11    XL:     13   Next: 38%
Magic:  34/34      EV: 19    Int: 28    God:    Vehumet [*****.]
Gold:   78         SH:  0    Dex: 16    Spells: 12/42 levels left

rFire    x . .     SeeInvis .   a - +0 quarterstaff (elec)
rCold    + . .     Gourm    .   (shield currently unavailable)
rNeg     . . .     Faith    .   C - +2 swamp dragon scales
rPois    +         Spirit   .   z - +1 hat
rElec    .         Reflect  .   m - +0 cloak
rCorr    .         Harm     .   (no gloves)
MR       +....     Clarity  +   (no boots)
Stlth    ++++......             E - amulet of regeneration
HPRegen  0.61/turn              A - +4 ring of evasion
MPRegen  0.24/turn              P - ring "Soupt" {rF- rC+ Str+4 Dex+3}

@: no status effects
A: hooves 1, iridescent scales 1, clarity, strong 1, wild magic 1
a: Renounce Religion


You were on level 6 of the Lair of Beasts.
You worshipped Vehumet.
Vehumet was extremely pleased with you.
You were not hungry.

You visited 2 branches of the dungeon, and saw 17 of its levels.
You also visited: Sewer.

You collected 978 gold pieces.
You spent 900 gold pieces at shops.

Inventory:

Hand Weapons
 a - a +0 quarterstaff of electrocution (weapon)
 h - a +3 dagger of venom
Missiles
 G - a throwing net (quivered)
Armour
 f - a scarf of cloud immunity
 l - a +0 buckler
 m - a +0 cloak (worn)
 z - a +1 hat (worn)
 C - +2 swamp dragon scales (worn)
Magical Staves
 b - an uncursed staff of conjuration
 B - an uncursed staff of summoning
Jewellery
 y - an uncursed ring of see invisible
 A - a +4 ring of evasion (left hand)
 D - an uncursed amulet of guardian spirit
 E - an amulet of regeneration (around neck)
 P - the ring "Soupt" (right hand) {rF- rC+ Str+4 Dex+3}
   (You acquired it on level 7 of the Dungeon)

   [ring of dexterity]

   It affects your strength (+4).
   It affects your dexterity (+3).
   It makes you vulnerable to fire.
   It protects you from cold.
Wands
 j - a wand of flame (29)
 s - a wand of random effects (17)
 F - a wand of enslavement (35)
 H - a wand of paralysis (11)
Scrolls
 c - 3 scrolls of remove curse
 k - 2 scrolls of immolation
 o - 2 scrolls of amnesia
 q - 4 scrolls of magic mapping
 v - 3 scrolls of teleportation
 w - 2 scrolls of blinking
 I - a scroll of identify
Potions
 e - 5 potions of haste
 g - 4 potions of heal wounds
 n - 2 potions of ambrosia
 p - 7 potions of brilliance
 r - 6 potions of agility
 t - 2 potions of cancellation
 u - 2 potions of berserk rage
 x - 2 potions of might
 J - 2 potions of invisibility
 L - 9 potions of curing
 M - 2 potions of flight
 O - a potion of lignification
Miscellaneous
 i - a sack of spiders
 K - a phial of floods
 N - a crystal ball of energy
Comestibles
 d - 16 rations


   Skills:
 - Level 1.7 Fighting
 - Level 3.3 Short Blades
 * Level 8.1 Staves
 - Level 7.2 Armour
 * Level 8.3 Dodging
 * Level 10.8 Stealth
 - Level 4.0 Shields
 * Level 15.4 Spellcasting
 * Level 6.9 Conjurations
 + Level 0.1 Hexes
   Level 2.6 Summonings
 + Level 3.3 Translocations
 + Level 2.6 Fire Magic
 + Level 5.9 Ice Magic
 + Level 2.0 Air Magic
 + Level 2.3 Poison Magic


You had 12 spell levels left.
You knew the following spells:

 Your Spells              Type           Power        Failure   Level  Hunger
a - Freeze                Ice            ####         1%          1    None
b - Blink                 Tloc           N/A          3%          2    None
d - Mephitic Cloud        Conj/Pois/Air  ######..     1%          3    None
e - Conjure Flame         Conj/Fire      ######..     1%          3    None
f - Magic Dart            Conj           ####         1%          1    None
g - Throw Flame           Conj/Fire      ######       1%          2    None
h - Searing Ray           Conj           ######       1%          2    None
i - Fulminant Prism       Conj/Hex       ######....   4%          4    None
j - Fireball              Conj/Fire      ######....   7%          5    None
k - Apportation           Tloc           ######       2%          1    None
l - Freezing Cloud        Conj/Ice/Air   ######....   28%         6    ###....


Dungeon Overview and Level Annotations

Branches:
Dungeon (11/15)            Temple (0/1) D:6            Lair (6/6) D:9
  Swamp (0/4) Lair:4       Spider (0/4) Lair:3
  Slime: Lair:5-6       Orc: D:9-12

Altars:
Dithmenos
Elyvilon
Hepliaklqana
Okawaru
Uskayaw
Vehumet
Wu Jian
Xom
Yredelemnul
Zin

Shops:
D:7 *

Annotations:
D:3 Demitroll's ghost, weakling DEEE


Innate Abilities, Weirdness & Mutations

You have large cloven feet.
You are partially covered in iridescent scales. (AC +2)
You possess an exceptional clarity of mind.
Your muscles are strong. (Str +2)
Your spells are a little harder to cast, but a little more powerful.


Message History

You hit the death yak but do no damage.
Lightning courses through the death yak!
You kick the death yak.
The death yak is moderately wounded.
The death yak is engulfed in freezing vapours.
The death yak barely misses you.
You hit the death yak but do no damage.
The death yak is heavily wounded.
The death yak is engulfed in freezing vapours.
The death yak gores you.
* * * LOW HITPOINT WARNING * * *
The death yak is engulfed in freezing vapours.
A death yak comes into view.
The dream sheep bleats!
You hit the death yak.
The death yak is heavily wounded.
You hear an angry hiss.
The death yak is engulfed in freezing vapours.
The death yak gores you!
You die...

#.$# ##... ##...##..##
##.... ....#
........P.##....##....## #
#.......P##..... ..Y...#
###........##..††##Y.Y...#
.##P........PPPP@#.YPS.P..
## #...........PY#P.....PP
# ##...........§Y§†.......
###..†.........§.§Y.......
##.P...........§§§§§......
#P............§...§.......
.....................Y....
P....#####..######.#P..#..
###### #.## ####### #


You could see 3 death yaks and a dream sheep.

Vanquished Creatures
  Kirke (Lair:4)
  7 hydras
  Harold (D:10)
  3 two-headed ogres
  A death knight (D:11)
  3 death yaks
  An ugly thing (D:10)
  5 elephants (Lair:4)
  A black mamba (Lair:6)
  4 spiny frogs
  2 rime drakes
  4 komodo dragons
  A troll (D:9)
  2 tyrant leeches (Lair:4)
  Prince Ribbit (D:8)
  3 polar bears
  9 dream sheep
  7 hippogriffs
  31 yaks
  3 wyverns
  7 hogs (Lair:4)
  A hungry ghost (D:8)
  A swamp worm (Lair:4)
  9 porcupines
  3 water moccasins
  An orc warrior (D:10)
  A sky beast (D:7)
  7 ice beasts
  7 black bears
  An eye of draining (D:10)
  2 phantoms (D:6)
  A wolf (D:9)
  2 ogres
  3 centaurs
  16 crocodiles
  3 big kobolds
  12 bullfrogs
  A water moccasin zombie (D:7)
  2 scorpions
  8 killer bees (D:10)
  5 wights (D:9)
  3 howler monkeys
  4 crimson imps
  A centaur zombie (D:5)
  A bullfrog zombie (D:6)
  5 jellies
  6 hounds
  3 orc wizards
  3 orc priests (D:9)
  2 bullfrog skeletons
  3 centaur skeletons
  An iguana (D:10)
  Ijyb (D:2)
  Natasha (thrice) (D:4)
  10 worker ants
  A hound skeleton (D:5)
  A worker ant zombie (D:5)
  8 gnolls
  13 adders
  4 river rats
  An ooze (D:7)
  5 worms
  A dart slug (D:2)
  6 leopard geckos
  14 orcs
  7 ball pythons
  A giant cockroach (D:7)
  6 goblins
  6 hobgoblins
  5 jackals
  27 kobolds
  4 quokkas
  3 bats
  5 frilled lizards
  A leopard gecko skeleton (D:8)
  A leopard gecko zombie (D:7)
  2 quokka skeletons (D:6)
  30 rats
  A spectral orc (D:5)
  3 fungi
385 creatures vanquished.

Vanquished Creatures (collateral kills)
  A two-headed ogre (D:8)
  An ogre (D:9)
  A crocodile (D:9)
  3 bullfrogs
  A killer bee (D:10)
  A howler monkey (D:8)
  A quasit (D:8)
  An iguana (D:8)
  A worker ant (D:8)
  3 adders
  A river rat (Sewer)
  An ooze (D:2)
  A leopard gecko (D:8)
  An orc (D:8)
  A bat (D:2)
  A giant cockroach (D:1)
  5 jackals (D:2)
  3 kobolds
  5 goblins
  3 rats (Sewer)
36 creatures vanquished.

Vanquished Creatures (others)
  A yak (Lair:4)
  A bush (D:9)
  2 fulminant prisms (D:7)
  19 fungi
  10 plants
33 creatures vanquished.

Grand Total: 454 creatures vanquished

Notes
Turn   | Place    | Note
-------+----------+-------------------------------------------
     0 | D:1      | Demitroll the Deep Elf Wizard began the quest for the Orb.
     0 | D:1      | Reached XP level 1. HP: 10/10 MP: 7/7
   255 | D:1      | Reached XP level 2. HP: 15/15 MP: 3/9
   266 | D:1      | Learned a level 2 spell: Blink
   269 | D:1      | Learned a level 2 spell: Call Imp
   632 | D:2      | Reached skill level 5 in Spellcasting
   860 | D:2      | Reached XP level 3. HP: 19/19 MP: 4/11
   934 | D:2      | Found a shadowy altar of Dithmenos.
  1343 | D:2      | Noticed Ijyb
  1357 | D:2      | Killed Ijyb
  1357 | D:2      | Reached skill level 6 in Spellcasting
  1357 | D:2      | Reached XP level 4. HP: 6/24 MP: 4/14
  1946 | D:3      | Noticed Demitroll's ghost (weakling DEEE)
  2060 | D:3      | Found a radiant altar of Vehumet.
  2071 | D:3      | Became a worshipper of Vehumet
  2521 | D:4      | Reached XP level 5. HP: 26/28 MP: 12/15
  2526 | D:4      | Learned a level 3 spell: Mephitic Cloud
  2530 | D:4      | Learned a level 3 spell: Conjure Flame
  2568 | D:4      | Noticed an ogre
  2856 | D:4      | Killed an ogre
  3018 | D:4      | Noticed Natasha
  3035 | D:4      | Killed Natasha
  3035 | D:4      | Reached skill level 1 in Short Blades
  3035 | D:4      | Reached XP level 6. HP: 11/33 MP: 2/17
  3141 | D:4      | Noticed Natasha
  3153 | D:4      | Killed Natasha
  3153 | D:4      | Reached skill level 1 in Shields
  3153 | D:4      | Reached skill level 7 in Spellcasting
  3585 | D:4      | Noticed Natasha
  3590 | D:4      | Killed Natasha
  3689 | D:5      | Entered Level 5 of the Dungeon
  3712 | D:5      | Noticed an ice beast
  3732 | D:5      | Reached XP level 7. HP: 21/37 MP: 11/20
  3886 | D:5      | Found a basalt altar of Yredelemnul.
  3888 | D:5      | Reached * piety under Vehumet
  3888 | D:5      | Offered knowledge of Freeze by Vehumet.
  3893 | D:5      | Learned a level 1 spell: Freeze
  4119 | D:5      | Found a shimmering altar of Xom.
  4478 | D:5      | Reached skill level 8 in Spellcasting
  4514 | D:5      | Reached skill level 1 in Fighting
  4760 | D:6      | Found a glowing silver altar of Zin.
  4811 | D:6      | Found a glowing drain.
  4825 | D:6      | Reached XP level 8. HP: 42/43 MP: 18/22
  4877 | Sewer    | Entered a sewer
  4962 | Sewer    | Reached skill level 1 in Ice Magic
  4964 | Sewer    | Offered knowledge of Throw Flame by Vehumet.
  4966 | Sewer    | Reached ** piety under Vehumet
  5045 | Sewer    | Learned a level 2 spell: Throw Flame
  5141 | Sewer    | Reached skill level 5 in Stealth
  5142 | Sewer    | Offered knowledge of Searing Ray by Vehumet.
  5162 | Sewer    | Learned a level 2 spell: Searing Ray
  5246 | Sewer    | Reached *** piety under Vehumet
  5397 | D:6      | HP: 2/43 [phantom (3)]
  5442 | D:6      | Reached skill level 9 in Spellcasting
  5627 | D:6      | Gained mutation: Your muscles are strong. (Str +2) [potion of mutation]
  5627 | D:6      | Gained mutation: You possess an exceptional clarity of mind. [potion of mutation]
  5627 | D:6      | Gained mutation: You occasionally shout uncontrollably at your foes. [potion of mutation]
  5627 | D:6      | Gained mutation: You have large cloven feet. [potion of mutation]
  5889 | D:6      | Offered knowledge of Fulminant Prism by Vehumet.
  5895 | D:6      | Learned a level 4 spell: Fulminant Prism
  6069 | D:6      | Found a staircase to the Ecumenical Temple.
  6105 | D:6      | Found a white marble altar of Elyvilon.
  6107 | D:6      | Found a hide-covered altar of Uskayaw.
  6305 | D:7      | Noticed a two-headed ogre
  6328 | D:7      | Killed a two-headed ogre
  6328 | D:7      | Reached skill level 10 in Spellcasting
  6328 | D:7      | Reached skill level 1 in Air Magic
  6328 | D:7      | Reached skill level 1 in Poison Magic
  6328 | D:7      | Reached XP level 9. HP: 9/48 MP: 4/25
  6703 | D:7      | Found Vetigoe's General Store.
  6963 | D:7      | Found an ornate altar of the Wu Jian Council.
  7075 | D:7      | Reached skill level 11 in Spellcasting
  7423 | D:8      | Reached skill level 1 in Armour
  7557 | D:8      | Reached **** piety under Vehumet
  7614 | D:8      | Noticed a two-headed ogre
  7628 | D:8      | Killed a two-headed ogre
  7641 | D:8      | Reached XP level 10. HP: 31/53 MP: 10/27
  7645 | D:8      | Offered knowledge of Fireball by Vehumet.
  7659 | D:8      | Learned a level 5 spell: Fireball
  7908 | D:8      | Noticed Prince Ribbit
  7930 | D:8      | Killed Prince Ribbit
  7930 | D:8      | Reached skill level 5 in Armour
  8665 | D:9      | Found a staircase to the Lair.
  9173 | D:10     | Entered Level 10 of the Dungeon
  9311 | D:10     | Got a flickering jade ring
  9821 | D:9      | Found a shadowy altar of Dithmenos.
  9824 | D:9      | Found an iron altar of Okawaru.
  9827 | D:9      | Found a hazy altar of Hepliaklqana.
  9946 | Lair:1   | Entered Level 1 of the Lair of Beasts
  9953 | D:9      | Upgraded the game from 0.22-a0-271-gc000056 to 0.22-a0-274-gf8199ec
  9964 | D:9      | Reached skill level 1 in Staves
 10131 | Lair:1   | Reached ***** piety under Vehumet
 10131 | Lair:1   | Reached skill level 1 in Fire Magic
 10166 | Lair:1   | Offered knowledge of Conjure Ball Lightning by Vehumet.
 10284 | Lair:1   | Learned a level 1 spell: Apportation
 10353 | Lair:1   | Noticed an eight-headed hydra
 10374 | Lair:1   | Killed an eight-headed hydra
 10374 | Lair:1   | Reached skill level 5 in Dodging
 10374 | Lair:1   | Reached skill level 12 in Spellcasting
 10374 | Lair:1   | Reached XP level 11. HP: 42/57 MP: 25/29
 10560 | Lair:1   | Noticed a five-headed hydra
 10574 | Lair:1   | Killed a five-headed hydra
 10881 | Lair:2   | Noticed a death yak
 10882 | Lair:2   | Noticed a death yak
 10883 | Lair:2   | Noticed a death yak
 10918 | Lair:2   | Identified the ring "Noasmi" {rElec rC+++ AC+3 Str-5 Dex+6} (You found it on level 10 of the Dungeon)
 11176 | Lair:2   | Noticed a death yak
 11177 | Lair:2   | Noticed a death yak
 11198 | Lair:2   | Noticed a seven-headed hydra
 11347 | Lair:2   | Killed a seven-headed hydra
 11347 | Lair:2   | Reached skill level 13 in Spellcasting
 11502 | Lair:2   | Killed a death yak
 11979 | Lair:3   | Reached skill level 5 in Ice Magic
 12099 | Lair:3   | Found a hole to the Spider Nest.
 12580 | Lair:3   | Noticed a four-headed hydra
 12591 | Lair:3   | Killed a four-headed hydra
 12881 | Lair:4   | Reached XP level 12. HP: 60/62 MP: 31/31
 12944 | Lair:4   | Noticed a seven-headed hydra
 12959 | Lair:4   | Killed a seven-headed hydra
 13192 | Lair:4   | Reached skill level 5 in Staves
 13386 | Lair:4   | Found a staircase to the Swamp.
 13485 | Lair:4   | Noticed an eight-headed hydra
 13502 | Lair:4   | Killed an eight-headed hydra
 13502 | Lair:4   | Reached skill level 14 in Spellcasting
 13502 | Lair:4   | Reached skill level 5 in Conjurations
 13789 | Lair:4   | Offered knowledge of Freezing Cloud by Vehumet.
 13807 | Lair:4   | Reached skill level 10 in Stealth
 13830 | Lair:4   | Learned a level 6 spell: Freezing Cloud
 13871 | Lair:4   | Noticed Kirke
 13911 | Lair:4   | Noticed a sphinx
 13911 | Lair:4   | Killed Kirke
 15102 | D:7      | Bought a scroll of acquirement for 780 gold pieces
 15109 | D:7      | Got a shimmering granite ring
 15111 | D:7      | Identified the ring "Soupt" {rF- rC+ Str+4 Dex+3} (You acquired it on level 7 of the Dungeon)
 15125 | D:7      | Bought a potion of mutation for 120 gold pieces
 15125 | D:7      | Lost mutation: You possess an exceptional clarity of mind. [potion of mutation]
 15125 | D:7      | Lost mutation: You occasionally shout uncontrollably at your foes. [potion of mutation]
 15125 | D:7      | Gained mutation: You are partially covered in iridescent scales. (AC +2) [potion of mutation]
 15125 | D:7      | Gained mutation: Your spells are a little harder to cast, but a little more powerful. [potion of mutation]
 15125 | D:7      | Gained mutation: You possess an exceptional clarity of mind. [potion of mutation]
 15187 | D:10     | Noticed a two-headed ogre
 15436 | D:10     | Noticed Harold
 15454 | D:10     | Killed Harold
 15454 | D:10     | Reached skill level 15 in Spellcasting
 15454 | D:10     | Reached XP level 13. HP: 66/66 MP: 14/34
 16140 | Lair:6   | Entered Level 6 of the Lair of Beasts
 16270 | Lair:6   | Slain by a death yak

Vault maps used:
D:1:      lemuel_arrival_river_bridge
D:2:      kennysheep_the_goblin_king, first_ration,
          grunt_dithmenos_smoke_and_mirrors
D:3:      nicolae_overflow_crystal_walls
D:4:      uniq_ijyb, uniq_natasha
D:5:      yredelemnul_forgotten_temple_becter, lemuel_round_altar
D:6:      nicolae_overflow_hidden_temple, temple_fountains, portal_sewer_entry_a
D:7:      basic_altar, serial_shops, shop
D:8:      uniq_prince_ribbit1, uniq_joseph
D:9:      grunt_temple_overflow_diamond, minmay_lair_entry_grove
D:10:     uniq_harold
D:11:     david_orc_3
Lair:3:   dummy_spider_entry, cheibrodos_lair_caveside_slide,
          guppyfry_lair_drakes
Lair:4:   minmay_swamp_entry_worms, beast_lair_carwin_10, lemuel_fruit_tree,
          uniq_kirke
Lair:6:   hangedman_lair_tendril_chambers, hangedman_lair_caniforms_friends,
          slime_altar_1, st_stairs_9
Sewer:    sewer_minmay_treatment

Skill      XL: |  1  2  3  4  5  6  7  8  9 10 11 12 13 |
---------------+----------------------------------------+-----
Spellcasting   | 5 6 7 8 10 11 12 13 15 | 15.4
Dodging        | 3 4 5 6 7 8 |  8.3
Stealth        | 3 4 6 7 9 10 | 10.8
Summonings     | 2 |  2.6
Conjurations   | 2 3 4 6 |  6.9
Short Blades   | 1 2 3 |  3.3
Shields        | 1 2 4 |  4.0
Translocations | 2 3 |  3.3
Fighting       | 1 |  1.7
Ice Magic      | 3 4 5 |  5.9
Air Magic      | 1 2 |  2.0
Poison Magic   | 1 2 |  2.3
Armour         | 4 7 |  7.2
Staves         | 1 4 7 8 |  8.1
Fire Magic     | 1 2 |  2.6
Hexes          | |  0.1

Action                   |  1- 3 |  4- 6 |  7- 9 | 10-12 | 13-15 || total
-------------------------+-------+-------+-------+-------+-------++-------
Melee: Unarmed           |    12 |       |       |       |       ||    12
       Dagger            |    19 |    84 |   190 |    87 |       ||   380
       Kick              |       |       |    18 |   136 |    25 ||   179
       Staff             |       |       |    35 |    59 |     2 ||    96
       Quarterstaff      |       |       |       |   349 |   127 ||   476
 Cast: Magic Dart        |    60 |    39 |    34 |       |       ||   133
       Call Imp          |    16 |     2 |    17 |    21 |       ||    56
       Blink             |       |     7 |     8 |    24 |     4 ||    43
       Mephitic Cloud    |       |     6 |    17 |    49 |     8 ||    80
       Conjure Flame     |       |     2 |    13 |    27 |     2 ||    44
       Freeze            |       |       |    89 |   179 |     1 ||   269
       Searing Ray       |       |       |    17 |    40 |       ||    57
       Throw Flame       |       |       |    16 |    90 |     1 ||   107
       Fulminant Prism   |       |       |     2 |       |       ||     2
       Apportation       |       |       |       |     3 |       ||     3
       Fireball          |       |       |       |     3 |     1 ||     4
       Freezing Cloud    |       |       |       |     2 |     4 ||     6
Evoke: Wand              |       |       |       |     1 |     1 ||     2
  Use: Scroll            |     2 |     8 |    12 |    15 |     1 ||    38
       Potion            |       |     2 |     2 |     4 |     2 ||    10
 Stab: Sleeping          |     1 |     2 |     7 |     3 |       ||    13
       Confused          |       |     1 |     4 |    40 |     7 ||    52
       Distracted        |       |       |     1 |     1 |       ||     2
  Eat: Chunk             |     1 |       |     2 |    16 |     2 ||    21
       Ration            |       |     2 |     4 |     3 |       ||     9
Armor: Robe              |    10 |    17 |    66 |       |       ||    93
       Swamp dragon scal |       |       |    19 |   280 |    48 ||   347
Dodge: Dodged            |    59 |    51 |   169 |   500 |   168 ||   947
Block: Buckler           |       |     1 |    57 |    73 |       ||   131

Table legend:
 A = Spawn XP
 B = Non-spawn XP
 C = Spawn XP percentage of total XP
 D = Spawn monster count
 E = Non-spawn monster count
 F = Spawn count percentage of total count
 G = Total turns spent on level
                    A         B        C        D         E        F      G
               +---------+---------+-------+---------+---------+-------+---------
         Total |       0 |   48235 |   0.0 |       0 |     419 |   0.0 | 16270
               +---------+---------+-------+---------+---------+-------+---------
           D:1 |       0 |      17 |   0.0 |       0 |      12 |   0.0 |   630
           D:2 |       0 |     115 |   0.0 |       0 |      34 |   0.0 |  1371
           D:3 |       0 |      28 |   0.0 |       0 |      16 |   0.0 |   374
           D:4 |       0 |     388 |   0.0 |       0 |      15 |   0.0 |  1314
           D:5 |       0 |     862 |   0.0 |       0 |      23 |   0.0 |  1093
           D:6 |       0 |     707 |   0.0 |       0 |      29 |   0.0 |   890
           D:7 |       0 |    2007 |   0.0 |       0 |      24 |   0.0 |  1244
           D:8 |       0 |    1957 |   0.0 |       0 |      24 |   0.0 |   973
           D:9 |       0 |    2898 |   0.0 |       0 |      44 |   0.0 |  1743
          D:10 |       0 |    5583 |   0.0 |       0 |      32 |   0.0 |   989
          D:11 |       0 |     877 |   0.0 |       0 |       1 |   0.0 |    71
        Lair:1 |       0 |    3750 |   0.0 |       0 |      11 |   0.0 |   836
        Lair:2 |       0 |    4275 |   0.0 |       0 |      14 |   0.0 |  1045
        Lair:3 |       0 |    3942 |   0.0 |       0 |      17 |   0.0 |   939
        Lair:4 |       0 |   13800 |   0.0 |       0 |      51 |   0.0 |  1611
        Lair:5 |       0 |    1272 |   0.0 |       0 |       8 |   0.0 |   559
        Lair:6 |       0 |    5547 |   0.0 |       0 |      16 |   0.0 |   130
         Sewer |       0 |     210 |   0.0 |       0 |      48 |   0.0 |   458
               +---------+---------+-------+---------+---------+-------+---------
